 Dungeon Sprint DCSS version bcrawl-1.27.1d (webtiles) character file.

Game seed: 8837507792590389763

346889 Freyura the Cudgeler (level 4, -6/41 HPs)
             Began as a Draconian Skald on July 24, 2020.
             Was a Follower of the Shining One.
             Mangled by an ice beast (12 damage)
             ... in the Dungeon (Sprint IX: "|||||||||||||||||||||||||||||").
             The game lasted 00:01:17 (212 turns).

Freyura the Cudgeler (Draconian Skald)               Turns: 212, Time: 00:01:18

Health: -6/41      AC:  5    Str: 14    XL:     4   Next: 60%
Magic:  6/9        EV: 13    Int: 13    God:    the Shining One [*.....]
Gold:   0          SH:  0    Dex: 11    Spells: 9/10 levels left

rFire    . . .     SeeInvis .   a - +0 mace
rCold    . . .     Gourm    .   (no shield)
rNeg     . . .     Faith    .   (armour unavailable)
rPois    .         Spirit   .   (helmet restricted)
rElec    .         Reflect  .   (no cloak)
rCorr    .         Harm     .   (no gloves)
MR       .....     NoTele   +   (no boots)
Stlth    +.........             (no amulet)
HPRegen  0.13/turn              (no ring)
MPRegen  0.11/turn              (no ring)

@: glowing
A: unfitting armour, cold-blooded, AC +5
a: Renounce Religion


You were in the Dungeon.
You worshipped the Shining One.
The Shining One was aware of your devotion.
You were not hungry.

You visited 1 branch

Inventory:

Hand Weapons
 a - a +0 mace (weapon)
 l - a +2 morningstar of protection
Armour
 m - a +0 pair of boots
 n - a +0 pair of boots
Jewellery
 o - a +3 ring of intelligence
 p - a +3 ring of dexterity
Wands
 k - a wand of iceblast (10)
Scrolls
 b - 3 scrolls of remove curse
 c - a scroll of fear
 i - 2 scrolls of amnesia
 j - 2 scrolls of blinking
Potions
 d - 5 potions of curing
 f - 3 potions of heal wounds
 g - a potion of haste
 h - 4 potions of magic
Comestibles
 e - a ration {!d}


   Skills:
 + Level 4.5 Fighting
 * Level 5.6 Maces & Flails
 + Level 4.0 Dodging
 + Level 3.9 Spellcasting
 + Level 4.2 Charms


You had 9 spell levels left.
You knew the following spells:

 Your Spells              Type           Power        Failure   Level  Hunger
a - Infusion              Chrm           ##......     3%          1    None

Your spell library contained the following spells:

 Spells                   Type           Power        Failure   Level  Hunger
 Song of Slaying          Chrm           ##......     5%          2    None
 Ozocubu's Armour         Chrm/Ice       #.......     26%         3    ###....
 Regeneration             Chrm/Necr      #.........   26%         3    ###....
 Spectral Weapon          Hex/Chrm       #.......     26%         3    ###....


Dungeon Overview and Level Annotations

Branches:
Dungeon (1/1)

Altars:
Cheibriados
Dithmenos
Elyvilon
Fedhas
Gozag
Hepliaklqana
Kikubaaqudgha
Lugonu
Makhleb
Nemelex Xobeh
Okawaru
Qazlal
Ru
Sif Muna
Trog
Uskayaw
Vehumet
Wu Jian
Xom
Yredelemnul
Zin
The Shining One
Beogh
Jiyva


Innate Abilities, Weirdness & Mutations

Your plain brown scales are hard. (AC +5)
You cannot fit into any form of body armour.
You are cold-blooded and may be slowed by cold attacks.


Message History

You hit the sky beast but do no damage.
Your tail-slap misses the sky beast.
The sky beast is almost dead.
The sky beast barely misses you.
You sock the sky beast!
You kill the sky beast!
Your Fighting skill increases to level 4!
Your Maces & Flails skill gained 2 levels and is now at level 5!
Your Dodging skill gained 2 levels and is now at level 4!
Your Spellcasting skill increases to level 3!
Your Charms skill increases to level 4!
You have reached level 3!
Your experience leads to an increase in your attributes!
Increase (S)trength, (I)ntelligence, or (D)exterity?
You feel agile.
Your scales feel tougher.
You have reached level 4!
You feel stronger.
You hit the ice beast but do no damage. The ice beast hits you.
* * * LOW HITPOINT WARNING * * *
The ice beast freezes you!
You die... ▓▓▓▓▓▓▓▓▓▓▓▓▓▓▓▓▓▓▓▓▓▓▓▓ _______'!.|)..[.@YToaT.. ▓▓▓▓▓▓▓▓▓▓▓▓▓▓▓▓▓▓▓▓▓▓▓▓

You could see 2 trolls, an ice beast, a worker ant and an orc priest.

Vanquished Creatures
  A sky beast (D)
  A dart slug (D)
  2 orcs (D)
  A giant cockroach (D)
  A kobold (D)
  A quokka (D)
  2 goblins (D)
  A jackal zombie (D)
  A rat (D)
11 creatures vanquished.

Notes
Turn   | Place    | Note
-------+----------+-------------------------------------------
     0 | D        | Freyura the Draconian Skald began the quest for the Orb.
     0 | D        | Reached XP level 1. HP: 17/17 MP: 3/3
    47 | D        | Reached skill level 3 in Maces & Flails
    47 | D        | Reached XP level 2. HP: 25/25 MP: 3/5
   155 | D        | Found a roughly hewn altar of Beogh.
   155 | D        | Found a snail-covered altar of Cheibriados.
   155 | D        | Found a shadowy altar of Dithmenos.
   155 | D        | Found a white marble altar of Elyvilon.
   155 | D        | Found a blossoming altar of Fedhas.
   155 | D        | Found an opulent altar of Gozag.
   156 | D        | Found a hazy altar of Hepliaklqana.
   157 | D        | Found a viscous altar of Jiyva.
   158 | D        | Found an ancient bone altar of Kikubaaqudgha.
   159 | D        | Found a corrupted altar of Lugonu.
   160 | D        | Found a burning altar of Makhleb.
   161 | D        | Found a sparkling altar of Nemelex Xobeh.
   162 | D        | Found an iron altar of Okawaru.
   163 | D        | Found a stormy altar of Qazlal.
   164 | D        | Found a sacrificial altar of Ru.
   165 | D        | Found a shimmering blue altar of Sif Muna.
   166 | D        | Found a bloodstained altar of Trog.
   167 | D        | Found a hide-covered altar of Uskayaw.
   168 | D        | Found a radiant altar of Vehumet.
   169 | D        | Found an ornate altar of the Wu Jian Council.
   170 | D        | Found a shimmering altar of Xom.
   171 | D        | Found a basalt altar of Yredelemnul.
   172 | D        | Found a glowing silver altar of Zin.
   173 | D        | Found a glowing golden altar of the Shining One.
   181 | D        | Became a worshipper of the Shining One
   201 | D        | Noticed a sky beast
   201 | D        | Noticed an ice beast
   201 | D        | Noticed a troll
   201 | D        | Reached * piety under the Shining One
   201 | D        | Noticed a troll
   208 | D        | The Shining One protects you from harm!
   211 | D        | Killed a sky beast
   211 | D        | Reached skill level 5 in Maces & Flails
   211 | D        | Reached XP level 3. HP: 6/34 MP: 6/8
   211 | D        | Reached XP level 4. HP: 7/41 MP: 6/9
   212 | D        | Mangled by an ice beast

Skill      XL: |  1  2 |
---------------+-------+-----
Charms         | 3 4 |  4.2
Maces & Flails | 3 5 |  5.6
Fighting       | 4 |  4.5
Dodging        | 4 |  4.0
Spellcasting   | 3 |  3.9

Action                   |  1- 3 |  4- 6 || total
-------------------------+-------+-------++-------
Melee: Mace              |    30 |     1 ||    31
       Tailslap          |     2 |       ||     2
  Use: Potion            |     1 |       ||     1
Armor: Skin              |     8 |       ||     8
Dodge: Dodged            |    12 |       ||    12
